 Dungeon Crawl Stone Soup version 0.26-a0-632-g926a82b (webtiles) character file.

Game seed: 17444494561759167352

523 royokou the Conjurer (level 7, -2/36 HPs)
             Began as a Deep Elf Conjurer on Sept 13, 2020.
             Was an Initiate of Vehumet.
             Slain by an orc (3 damage)
             ... on level 3 of the Dungeon.
             The game lasted 00:24:08 (3687 turns).

royokou the Conjurer (Deep Elf Conjurer)            Turns: 3687, Time: 00:24:09

Health: -2/36      AC:  3    Str:  6    XL:     7   Next: 2%
Magic:  0/17       EV: 13    Int: 29    God:    Vehumet [......]
Gold:   174        SH:  0    Dex: 13    Spells: 14/17 levels left

rFire    . . .     SeeInvis .   r - +2 dagger (protect)
rCold    . . .     Faith    .   (no shield)
rNeg     . . .     Spirit   +   o - +0 leather armour
rPois    .         Reflect  .   (no helmet)
rElec    .         Harm     .   (no cloak)
rCorr    .         Rampage  .   (no gloves)
MR       .....                  (no boots)
Stlth    +++.......             p - amulet of guardian spirit
HPRegen  0.12/turn              e - +6 ring of intelligence
MPRegen  0.15/turn              (no ring)

@: mighty
A: no striking features
a: Renounce Religion


You were on level 3 of the Dungeon.
You worshipped Vehumet.
Vehumet was noncommittal.
You visited 1 branch of the dungeon, and saw 4 of its levels.

You collected 174 gold pieces.

Inventory:

Hand Weapons
 b - a +0 dagger
 g - a +0 dagger
 j - a +0 dagger
 k - a +0 dagger of venom
 l - a +0 dagger
 n - a +0 dagger
 r - a +2 dagger of protection (weapon)
Armour
 a - a +0 robe
 c - a +0 robe
 f - a +1 ring mail of cold resistance
 h - a +0 leather armour
 o - a +0 leather armour (worn)
Jewellery
 e - a +6 ring of intelligence (left hand)
 p - an amulet of guardian spirit (around neck)
Wands
 q - a wand of digging (4)
Scrolls
 s - a scroll of magic mapping {unknown}
 t - a scroll of identify
 u - a scroll of amnesia {unknown}
Potions
 d - a potion of brilliance {unknown}
 i - 2 potions of curing
 m - a potion of might


   Skills:
 + Level 5.0 Dodging
 + Level 5.3 Stealth
 + Level 5.7 Spellcasting
 + Level 5.9 Conjurations


You had 14 spell levels left.
You knew the following spells:

 Your Spells              Type           Power        Failure   Level
a - Magic Dart            Conj           ####         1%          1
b - Searing Ray           Conj           #####.       1%          2

Your spell library contained the following spells:

 Spells                   Type           Power        Failure   Level
 Dazzling Flash           Conj/Hex       ####..       8%          3
 Fulminant Prism          Conj/Hex       ####......   26%         4
 Iskenderun's Mystic Bla  Conj/Tloc      ####....     26%         4


Dungeon Overview and Level Annotations

Branches:
Dungeon (4/15)
 Temple: D:4-7

Altars:
Qazlal
Trog
Vehumet


Message History

Press: ? - help, Shift-Dir - straight line, f/p - orc wizard
Aim: an orc wizard, wielding a +0 dagger and wearing a cursed +0 robe (heavily wounded)
The magic dart hits the orc wizard!
The orc wizard is almost dead.
The orc wizard hits you with a +0 dagger.
* * * LOW HITPOINT WARNING * * *
The orc barely misses you. The orc hits you with a +0 dagger.
* * * LOW HITPOINT WARNING * * *
The orc hits you with a +1 short sword of holy wrath.
* * * LOW HITPOINT WARNING * * *
Casting: Magic Dart (safe; 1% risk of failure)
Confirm with . or Enter, or press ? or * to list all spells.
You don't have enough magic to cast that spell.
Unknown command.
It was a potion of might.
You feel very mighty all of a sudden.
The orc wizard hits you with a +0 dagger.
* * * LOW HITPOINT WARNING * * *
The orc hits you.
You die...

#.# #.# #.).#
#(###.############## #..##
......##.......(...# #..###
#.######.#########.# #..##. #.#
#.# #.# #).##. #.# #.#
#######.##### #..##. #.# #.#
#...........# #..##. #.#
#.###<#####.#...#####..##.
#.######.......o@#.#.#.##.....##.
#........######ooo...........[##.
#.######.# #...#...#..........
...# #.# #..###.###..#######
#'######.# ##..#...#...###
.≈.#.....# #...._.......#
.≈.#####.# #..#...#...#.# .≈.#
#.#######.###.###..#.##### .≈.#
#..........#...#..........


You could see an orc wizard and 3 orcs.

Vanquished Creatures
  The ghost of fabulooouuss the Sneak, an amateur SpBr (D:3)
  2 orc priests (D:3)
  3 orc wizards (D:3)
  Natasha (thrice) (D:2)
  7 adders
  4 gnolls (D:3)
  2 worms (D:3)
  3 dart slugs
  3 leopard geckos (D:3)
  7 orcs (D:3)
  6 giant cockroaches
  6 goblins
  9 hobgoblins
  13 jackals
  4 bats
  5 frilled lizards
  6 kobolds
  12 rats
96 creatures vanquished.

Notes
Turn   | Place    | Note
-------+----------+-------------------------------------------
     0 | D:1      | royokou the Deep Elf Conjurer began the quest for the Orb.
     0 | D:1      | Reached XP level 1. HP: 10/10 MP: 6/6
   411 | D:1      | Reached XP level 2. HP: 7/15 MP: 8/8
  1042 | D:1      | Reached XP level 3. HP: 19/19 MP: 7/10
  1638 | D:2      | Reached XP level 4. HP: 24/24 MP: 7/11
  1710 | D:2      | Noticed Natasha
  1716 | D:2      | Killed Natasha
  1930 | D:2      | Noticed Natasha
  1934 | D:2      | Killed Natasha
  1934 | D:2      | Reached skill level 5 in Conjurations
  1957 | D:2      | Learned a level 2 spell: Searing Ray
  2300 | D:2      | Found a bloodstained altar of Trog.
  2300 | D:2      | Noticed Natasha
  2304 | D:2      | Killed Natasha
  2304 | D:2      | Reached XP level 5. HP: 22/28 MP: 6/13
  2521 | D:3      | Found a stormy altar of Qazlal.
  2608 | D:3      | Reached skill level 5 in Spellcasting
  2608 | D:3      | Reached XP level 6. HP: 21/32 MP: 1/15
  2726 | D:3      | Found a runed translucent door.
  2732 | D:3      | Noticed fabulooouuss's ghost (amateur SpBr)
  2756 | D:3      | Killed fabulooouuss's ghost
  2845 | D:3      | Found a radiant altar of Vehumet.
  2857 | D:3      | Reached skill level 5 in Stealth
  2858 | D:3      | Became a worshipper of Vehumet
  3680 | D:3      | Reached skill level 5 in Dodging
  3680 | D:3      | Reached XP level 7. HP: 23/36 MP: 8/17
  3687 | D:3      | HP: 1/36 [orc wizard/+0 dagger (1)]
  3687 | D:3      | Slain by an orc

Illustrated notes

Levels and vault maps discovered:
D:1:      dpeg_arrival_houses_and_road, layout_loops_cross, minivault_27
D:2:      layout_loops_ring, lightli_temple_of_fire, minmay_rat_gold_closets,
          uniq_natasha
D:3:      layout_loops_ring, vehumet_crystals, nicolae_qazlal_general_emergency,
          ebering_ghost_reflecting_pool
D:4:      layout_rooms, bloody_makhleb, uniq_duvessa, uniq_sigmund

Skill      XL: |  1  2  3  4  5  6 |
---------------+-------------------+-----
Stealth        | 3 4 5 |  5.3
Dodging        | 3 4 5 |  5.0
Spellcasting   | 4 5 |  5.7
Conjurations   | 5 |  5.9

Action                   |  1- 3 |  4- 6 |  7- 9 || total
-------------------------+-------+-------+-------++-------
Melee: Dagger            |    70 |    17 |       ||    87
 Cast: Magic Dart        |    54 |    87 |     7 ||   148
       Searing Ray       |       |     9 |       ||     9
  Use: Scroll            |     4 |     1 |       ||     5
       Potion            |       |       |     1 ||     1
 Stab: Sleeping          |     2 |     1 |       ||     3
Armor: Robe              |     1 |       |       ||     1
       Leather armour    |    16 |    10 |     3 ||    29
Dodge: Dodged            |    58 |    35 |    12 ||   105

Table legend: (Time is in decaauts)
 A = Elapsed time spent in this place.
 B = Non-inter-level travel time spent in this place.
 C = Inter-level travel time spent in this place.
 D = Time resting spent in this place.
 E = Time spent auto-exploring this place.
 F = Levels seen in this place.
 G = Mean time per level.
                   A        B        C        D        E       F      G
               +--------+--------+--------+--------+--------+-----+--------+
         Total |   3685 |   3617 |     68 |    351 |   2463 |   4 |  921.2 |
       Dungeon |   3685 |   3617 |     68 |    351 |   2463 |   4 |  921.2 |
               +--------+--------+--------+--------+--------+-----+--------+

Top non-repeatable levels by time:
     D:1: 1283 daAuts
     D:3: 1259 daAuts
     D:2: 1131 daAuts
     D:4: 10 daAuts
